TOP OF THE 1ST |
New Orleans Looters batting - Pitching for New York Knights : RHP José Navarro
|
Pitching: RHP José Navarro
|
|
Batting: RHB Rubén Vázquez
|
0-0: Ball 1-0: Foul Ball, location: 2F 1-1: Called Strike 1-2: Ball 2-2: Ball 3-2: Strikes out looking
|
Batting: RHB Stephen Shaw
|
0-0: Swinging Strike 0-1: Called Strike 0-2: Foul Ball, location: 2F 0-2: Ball 1-2: Foul Ball, location: 2F 1-2: Strikes out swinging
|
Batting: RHB Luis Alou
|
0-0: Called Strike 0-1: Ball 1-1: Ball 2-1: Foul Ball, location: 2F 2-2: Foul Ball, location: 2F 2-2: SINGLE (Line Drive, 8RS)
|
Batting: SHB Oliver Deleón
|
0-0: Foul Ball, location: 2F 0-1: Foul Ball, location: 2F 0-2: Strikes out swinging
|
Top of the 1st over - 0 run(s), 1 hit(s), 0 error(s), 1 left on base; New Orleans 0 - New York 0 |
BOTTOM OF THE 1ST |
New York Knights batting - Pitching for New Orleans Looters : RHP Jorge Ruíz
|
Pitching: RHP Jorge Ruíz
|
|
Batting: RHB Keitaro Suzuki
|
0-0: Bunted foul 0-1: Fly out, F7 (Flyball, 7LM)
|
Batting: RHB Pepe Carrasco
|
0-0: Foul Ball, location: 2F 0-1: Foul Ball, location: 2F 0-2: Ground out 4-3 (Groundball, 4M)
|
Batting: LHB Troy Donaldson
|
0-0: Foul Ball, location: 2F 0-1: Called Strike 0-2: Ball 1-2: Strikes out swinging
|
Bottom of the 1st over - 0 run(s), 0 hit(s), 0 error(s), 0 left on base; New Orleans 0 - New York 0 |
TOP OF THE 2ND |
New Orleans Looters batting - Pitching for New York Knights : RHP José Navarro
|
Batting: RHB Jimmy Simon
|
0-0: Ground out 4-3 (Groundball, 4)
|
Batting: LHB Fernando Ramos
|
0-0: SINGLE (Line Drive, 78S)
|
Batting: RHB José Mora
|
0-0: Foul Ball, location: 2F 0-1: Foul Ball, location: 2F 0-2: Strikes out swinging
|
Batting: LHB José Esparza
|
0-0: Ball 1-0: Ball 2-0: Ground out 4-3 (Groundball, 4)
|
Top of the 2nd over - 0 run(s), 1 hit(s), 0 error(s), 1 left on base; New Orleans 0 - New York 0 |
BOTTOM OF THE 2ND |
New York Knights batting - Pitching for New Orleans Looters : RHP Jorge Ruíz
|
Batting: SHB Marvin Harris
|
0-0: Foul Ball, location: 2F 0-1: Fly out, F8 (Flyball, 8LS)
|
Batting: LHB Tom Waller
|
0-0: Ball 1-0: Ball 2-0: Ground out U3 (Groundball, 3L)
|
Batting: SHB Domingo Martínez
|
0-0: Fly out, F9 (Flyball, 9M)
|
Bottom of the 2nd over - 0 run(s), 0 hit(s), 0 error(s), 0 left on base; New Orleans 0 - New York 0 |
TOP OF THE 3RD |
New Orleans Looters batting - Pitching for New York Knights : RHP José Navarro
|
Batting: LHB Miguel Castillo
|
0-0: Called Strike 0-1: Foul Ball, location: 2F 0-2: Fly out, F6 (Popup, 56D)
|
Batting: RHB Rubén Vázquez
|
0-0: Called Strike 0-1: Called Strike 0-2: Ball 1-2: Strikes out swinging
|
Batting: RHB Stephen Shaw
|
0-0: Called Strike 0-1: Ball 1-1: DOUBLE (Line Drive, 5D)
|
Batting: RHB Luis Alou
|
0-0: Foul Ball, location: 2F 0-1: Foul Ball, location: 2F 0-2: Foul Ball, location: 2F 0-2: Fly out, F3 (Popup, 3S)
|
Top of the 3rd over - 0 run(s), 1 hit(s), 0 error(s), 1 left on base; New Orleans 0 - New York 0 |
BOTTOM OF THE 3RD |
New York Knights batting - Pitching for New Orleans Looters : RHP Jorge Ruíz
|
Batting: RHB Cheng-ho Qiao
|
0-0: Ball 1-0: Ball 2-0: Ball 3-0: Called Strike 3-1: Foul Ball, location: 2F 3-2: Foul Ball, location: 2F 3-2: Base on Balls
|
Batting: RHB Tom Meyer
|
0-0: Called Strike 0-1: Ball 1-1: Foul Ball, location: 2F 1-2: Foul Ball, location: 2F 1-2: Strikes out swinging
|
Batting: RHB Yasuhiko Sumita
|
0-0: Called Strike 0-1: Ball 1-1: Called Strike 1-2: Ball 2-2: Strikes out swinging
|
Batting: RHB Keitaro Suzuki
|
0-0: Called Strike 0-1: Ball 1-1: Fielders Choice at 2nd, 5-4 (Groundball, 5)
|
Bottom of the 3rd over - 0 run(s), 0 hit(s), 0 error(s), 0 left on base; New Orleans 0 - New York 0 |
TOP OF THE 4TH |
New Orleans Looters batting - Pitching for New York Knights : RHP José Navarro
|
Batting: SHB Oliver Deleón
|
0-0: Ball 1-0: Called Strike 1-1: Foul Ball, location: 2F 1-2: Foul Ball, location: 2F 1-2: Foul Ball, location: 2F 1-2: Ball 2-2: Ball 3-2: Ground out 6-3 (Groundball, 6)
|
Batting: RHB Jimmy Simon
|
0-0: Called Strike 0-1: SOLO HOME RUN (Flyball, 7D), Distance : 378 ft
|
Batting: LHB Fernando Ramos
|
0-0: Called Strike 0-1: SINGLE (Groundball, 56D)
|
Batting: RHB José Mora
|
0-0: Ball 1-0: SINGLE (Line Drive, 9LS) Fernando Ramos to second Runner from 2nd tries for 3rd, SAFE, throw made to third
|
Batting: LHB José Esparza
|
0-0: Called Strike 0-1: Ball 1-1: Called Strike 1-2: Ball 2-2: SINGLE (Line Drive, 8RS) Fernando Ramos scores José Mora to second
|
Batting: LHB Miguel Castillo
|
0-0: Foul Ball, location: 2F 0-1: Ball 1-1: Foul Ball, location: 2F 1-2: Ball 2-2: Fly out, F7 (Flyball, 7M)
|
Batting: RHB Rubén Vázquez
|
0-0: Fielders Choice at 2nd, 5-4 (Groundball, 5)
|
Top of the 4th over - 2 run(s), 4 hit(s), 0 error(s), 1 left on base; New Orleans 2 - New York 0 |
BOTTOM OF THE 4TH |
New York Knights batting - Pitching for New Orleans Looters : RHP Jorge Ruíz
|
Batting: RHB Pepe Carrasco
|
0-0: Ball 1-0: Swinging Strike 1-1: Ball 2-1: Ball 3-1: Base on Balls
|
Batting: LHB Troy Donaldson
|
0-0: Ball Pickoff Throw by Catcher to First - Error! E2 Pepe Carrasco to second 1-0: Called Strike 1-1: DOUBLE (Groundball, 3L) Pepe Carrasco scores
|
Batting: SHB Marvin Harris
|
0-0: Ball 1-0: Ball 2-0: Foul Ball, location: 2F 2-1: Ball 3-1: Foul Ball, location: 2F 3-2: Foul Ball, location: 2F 3-2: Fly out, F7 (Flyball, 7M)
|
Batting: LHB Tom Waller
|
0-0: Called Strike 0-1: Swinging Strike 0-2: Ground out 4-3 (Groundball, 4) Troy Donaldson to third
|
Batting: SHB Domingo Martínez
|
0-0: Fly out, F8 (Line Drive, 8RM)
|
Bottom of the 4th over - 1 run(s), 1 hit(s), 1 error(s), 1 left on base; New Orleans 2 - New York 1 |
TOP OF THE 5TH |
New Orleans Looters batting - Pitching for New York Knights : RHP José Navarro
|
Batting: RHB Stephen Shaw
|
0-0: Ball 1-0: Ball 2-0: Swinging Strike 2-1: Ball 3-1: Foul Ball, location: 2F 3-2: Strikes out looking
|
Batting: RHB Luis Alou
|
0-0: Called Strike 0-1: Ground out 4-3 (Groundball, 4M)
|
Batting: SHB Oliver Deleón
|
0-0: Ball 1-0: Ball 2-0: Foul Ball, location: 2F 2-1: Called Strike 2-2: Fly out, F6 (Popup, 6MD)
|
Top of the 5th over - 0 run(s), 0 hit(s), 0 error(s), 0 left on base; New Orleans 2 - New York 1 |
BOTTOM OF THE 5TH |
New York Knights batting - Pitching for New Orleans Looters : RHP Jorge Ruíz
|
Batting: RHB Cheng-ho Qiao
|
0-0: Called Strike 0-1: Ball 1-1: Swinging Strike 1-2: Ground out 4-3 (Groundball, 4M)
|
Batting: RHB Tom Meyer
|
0-0: Ball 1-0: Called Strike
|
|
|
|
1-1: Ball 2-1: Fly out, F3 (Popup, 3SF)
|
Batting: RHB Yasuhiko Sumita
|
0-0: Called Strike 0-1: Ball 1-1: Fly out, F7 (Flyball, 7M)
|
Bottom of the 5th over - 0 run(s), 0 hit(s), 0 error(s), 0 left on base; New Orleans 2 - New York 1 |
TOP OF THE 6TH |
New Orleans Looters batting - Pitching for New York Knights : RHP José Navarro
|
Pitching: RHP António Sánchez
|
|
Batting: RHB Jimmy Simon
|
0-0: Called Strike 0-1: Ground out 5-3 (Groundball, 56)
|
Batting: LHB Fernando Ramos
|
0-0: Foul Ball, location: 2F 0-1: Ball 1-1: Fly out, F7 (Flyball, 7S)
|
Batting: RHB José Mora
|
0-0: Called Strike 0-1: Foul Ball, location: 2F 0-2: Ground out 3-1 (Groundball, 34)
|
Top of the 6th over - 0 run(s), 0 hit(s), 0 error(s), 0 left on base; New Orleans 2 - New York 1 |
BOTTOM OF THE 6TH |
New York Knights batting - Pitching for New Orleans Looters : RHP Jorge Ruíz
|
Batting: RHB Keitaro Suzuki
|
0-0: Called Strike 0-1: Ground out 6-3 (Groundball, 6)
|
Batting: RHB Pepe Carrasco
|
0-0: Ball 1-0: DOUBLE (Line Drive, 5D)
|
Batting: LHB Troy Donaldson
|
0-0: Ball 1-0: Ball 2-0: Ball 3-0: Called Strike 3-1: 2-RUN HOME RUN (Flyball, 9D), Distance : 443 ft
|
Batting: SHB Marvin Harris
|
0-0: Called Strike 0-1: Called Strike 0-2: Ball 1-2: Strikes out looking
|
Batting: LHB Tom Waller
|
0-0: Ball 1-0: Ground out 5-3 (Groundball, 56S)
|
Bottom of the 6th over - 2 run(s), 2 hit(s), 0 error(s), 0 left on base; New Orleans 2 - New York 3 |
TOP OF THE 7TH |
New Orleans Looters batting - Pitching for New York Knights : RHP António Sánchez
|
Pitching: LHP Vic Watts
|
|
Batting: LHB José Esparza
|
0-0: Called Strike 0-1: Ball 1-1: Swinging Strike 1-2: SINGLE (Line Drive, 8LS)
|
Pitching: RHP Elton Johnston
|
|
Batting: LHB Miguel Castillo
|
0-0: Ball 1-0: Bunted foul 1-1: Ball 2-1: Bunted foul 2-2: Strikes out swinging
|
Pinch Hitting: RHB Dave O'Loan
|
0-0: Called Strike 0-1: Ball 1-1: Swinging Strike 1-2: Strikes out swinging
|
Batting: RHB Stephen Shaw
|
0-0: Ground out 6-3 (Groundball, 6)
|
Top of the 7th over - 0 run(s), 1 hit(s), 0 error(s), 1 left on base; New Orleans 2 - New York 3 |
BOTTOM OF THE 7TH |
New York Knights batting - Pitching for New Orleans Looters : RHP Jorge Ruíz
|
Now in CF: Toshinobu Tanaka
|
|
Batting: SHB Domingo Martínez
|
0-0: Ball 1-0: Foul Ball, location: 2F 1-1: Ground out 4-3 (Groundball, 4)
|
Batting: RHB Cheng-ho Qiao
|
0-0: Ball 1-0: Ball 2-0: Ground out 5-3 (Groundball, 5)
|
Batting: RHB Tom Meyer
|
0-0: Ball 1-0: Ball 2-0: Called Strike 2-1: Fly out, F9 (Flyball, 89D)
|
Bottom of the 7th over - 0 run(s), 0 hit(s), 0 error(s), 0 left on base; New Orleans 2 - New York 3 |
TOP OF THE 8TH |
New Orleans Looters batting - Pitching for New York Knights : RHP Elton Johnston
|
Now in CF: Nicholas Alston
|
|
Batting: RHB Luis Alou
|
0-0: Ball 1-0: Ball 2-0: Ball 3-0: Called Strike 3-1: Base on Balls
|
Batting: SHB Oliver Deleón
|
0-0: Called Strike 0-1: Called Strike 0-2: Grounds into double play, 4-6-3 (Groundball, 4)
|
Batting: RHB Jimmy Simon
|
0-0: Ball 1-0: Ball 2-0: Ground out 6-3 (Groundball, 6M)
|
Top of the 8th over - 0 run(s), 0 hit(s), 0 error(s), 0 left on base; New Orleans 2 - New York 3 |
BOTTOM OF THE 8TH |
New York Knights batting - Pitching for New Orleans Looters : RHP Jorge Ruíz
|
Pitching: LHP Tadao Yoshida
|
|
Batting: RHB Yasuhiko Sumita
|
0-0: Ground out 5-3 (Groundball, 5)
|
Batting: RHB Keitaro Suzuki
|
0-0: Ball 1-0: Ball 2-0: DOUBLE (Flyball, 8LXD)
|
Batting: RHB Pepe Carrasco
|
0-0: Foul Ball, location: 2F 0-1: Called Strike 0-2: Strikes out swinging
|
Batting: LHB Troy Donaldson
|
0-0: Ball 1-0: Swinging Strike 1-1: Ball 2-1: Ball 3-1: Foul Ball, location: 2F 3-2: Foul Ball, location: 2F 3-2: Strikes out swinging
|
Bottom of the 8th over - 0 run(s), 1 hit(s), 0 error(s), 1 left on base; New Orleans 2 - New York 3 |
TOP OF THE 9TH |
New Orleans Looters batting - Pitching for New York Knights : RHP Elton Johnston
|
Pitching: RHP Joe Watts
|
|
Batting: LHB Fernando Ramos
|
0-0: Foul Ball, location: 2F 0-1: Swinging Strike 0-2: Fly out, F7 (Flyball, 7D)
|
Batting: RHB José Mora
|
0-0: Ball 1-0: Called Strike 1-1: Fly out, F3 (Popup, 3F)
|
Batting: LHB José Esparza
|
0-0: Called Strike 0-1: Foul Ball, location: 2F 0-2: SINGLE (Line Drive, 6D)
|
Batting: LHB Miguel Castillo
|
0-0: Ball 1-0: Ground out 4-3 (Groundball, 4)
|
Top of the 9th over - 0 run(s), 1 hit(s), 0 error(s), 1 left on base; New Orleans 2 - New York 3 |
|
|